 Dungeon Crawl Stone Soup version 0.23.1 (webtiles) character file.

Game seed: 0

47280 Fang the Warrior (level 14, 0/165 HPs)
             Began as a Gargoyle Berserker on Mar 7, 2019.
             Was a High Priest of Trog.
             Slain by a 17-headed hydra (6 damage)
             ... on level 6 of the Lair of Beasts.
             The game lasted 00:22:49 (18043 turns).

Fang the Warrior (Gargoyle Berserker)              Turns: 18043, Time: 00:22:51

Health: 0/165      AC: 31    Str: 33    XL:     14   Next: 41%
Magic:  4/4        EV: 16    Int: 12    God:    Trog [*****.]
Gold:   1248       SH:  4    Dex: 12    Spells: 13/13 levels left

rFire    . . .     SeeInvis .   J - +4 broad axe (antimagic)
rCold    + . .     Gourm    +   (no shield)
rNeg     + . .     Faith    .   u - +1 plate armour
rPois    ∞         Spirit   .   B - +2 hat {Int+3}
rElec    +         Reflect  .   l - scarf {repulsion}
rCorr    +         Harm     .   (no gloves)
MR       +....                  G - +0 pair of boots of Midsummer {rCorr Str+3}
Stlth    ..........             O - amulet of the gourmand
HPRegen  0.37/turn              h - +3 ring of dexterity
MPRegen  0.09/turn              U - ring of protection from cold

@: berserking, flying, studying Fighting, repel missiles, very quick
A: big wings, repulsion field 1, large bone plates 1, negative energy resistance
1, sense surroundings 1, robust 1, electricity resistance, unbreathing,
petrification resistance, rot immunity, AC +10
a: Stop Flying, Berserk, Trog's Hand, Brothers in Arms, Renounce Religion


You were on level 6 of the Lair of Beasts.
You worshipped Trog.
Trog was extremely pleased with you.
You were very full.

You visited 3 branches of the dungeon, and saw 18 of its levels.

You collected 1248 gold pieces.

Inventory:

Hand Weapons
 d - a +1 battleaxe of chopping
 i - a +0 war axe
 D - a +1 broad axe of electrocution
 J - a +4 antimagic broad axe (weapon)
 S - a +1 vampiric war axe
Armour
 l - a scarf of repulsion (worn)
 u - a +1 plate armour (worn)
 B - a +2 hat of intelligence (worn)
 G - the +0 pair of boots of Midsummer (worn) {rCorr Str+3}
   (You found it on level 10 of the Dungeon)

   It affects your strength (+3).
   It provides partial protection from all sources of acid and corrosion.
Jewellery
 b - an uncursed ring of stealth
 e - a +4 amulet of reflection
 f - an uncursed ring of protection from fire
 h - a +3 ring of dexterity (left hand)
 k - an uncursed ring of flight
 p - an uncursed amulet of the acrobat
 O - an amulet of the gourmand (around neck)
 U - a ring of protection from cold (right hand)
Wands
 n - a wand of iceblast (30)
 y - a wand of acid (12)
 E - a wand of paralysis (28)
 F - a wand of flame (42)
 H - a wand of digging (5)
 L - a wand of polymorph (13)
 M - a wand of random effects (15)
 N - a wand of disintegration (6)
Scrolls
 g - 11 scrolls of teleportation
 j - 12 scrolls of remove curse
 A - 2 scrolls of fear
 C - a scroll of fog
 R - 3 scrolls of blinking
 W - a scroll of magic mapping
Potions
 a - 4 potions of resistance {unknown}
 q - 6 potions of curing
 r - 2 potions of brilliance
 s - 2 potions of mutation
 t - 4 potions of lignification {unknown}
 v - a potion of agility
 w - 3 potions of haste {unknown}
 x - 2 potions of might
 z - 4 potions of flight {unknown}
 I - 2 potions of ambrosia {unknown}
 K - a potion of magic {unknown}
 P - a potion of invisibility {unknown}
 Q - 2 potions of cancellation {unknown}
 V - a potion of berserk rage {unknown}
Books
 o - a manual of Fighting
Comestibles
 c - 39 rations
 T - 6 chunks of flesh


   Skills:
 + Level 16.2 Fighting
 + Level 11.7 Axes
 + Level 13.4 Armour
 + Level 10.6 Dodging


You had 13 spell levels left.
You didn't know any spells.
Your spell library was empty.

Dungeon Overview and Level Annotations

Branches:
Dungeon (11/15)            Temple (1/1) D:7            Lair (6/6) D:10
 Shoals (0/4) Lair:4       Spider (0/4) Lair:4        Slime (0/5) Lair:5
    Orc (0/2) D:11

Altars:
Ashenzari
Elyvilon
Fedhas
Gozag
Hepliaklqana
Makhleb
Nemelex Xobeh
Okawaru
Sif Muna
Trog
Uskayaw
Vehumet
Xom
Yredelemnul
The Shining One
Jiyva

Shops:
D:10 *

Annotations:
D:2 exclusion: oklob plant
Lair:3 exclusion: oklob plant


Innate Abilities, Weirdness & Mutations

You are resistant to torment.
Your stone body is resilient. (AC +10)
You are immune to poison.
Your large and strong wings let you fly indefinitely.
You resist negative energy. (rN+)
You are resistant to electric shocks. (rElec)
You can survive without breathing.
You are immune to petrification.
You are immune to rotting.
You are surrounded by a mild repulsion field. (EV +2)
You are partially covered in large bone plates. (SH +4)
You passively map a small area around you.
You are robust. (+10% HP)


Message History

The 17-headed hydra bites you but does no damage.
Your ogre goes berserk!
You block the 17-headed hydra's attack. The 17-headed hydra barely misses you.
The 17-headed hydra bites you but does no damage.
The 17-headed hydra closely misses you. x3
The 17-headed hydra bites you but does no damage.
The 17-headed hydra closely misses you.
The 17-headed hydra bites you but does no damage.
The 17-headed hydra barely misses you.
The 17-headed hydra bites you but does no damage. x2
You block the 17-headed hydra's attack.
The 17-headed hydra bites you but does no damage.
The 17-headed hydra barely misses you. You block the 17-headed hydra's attack.
The 17-headed hydra bites you but does no damage.
A red film seems to cover your vision as you go berserk!
You feel yourself moving faster!
You feel mighty!
You feel a lot less full. You block the 17-headed hydra's attack.
The 17-headed hydra barely misses you. x2
The 17-headed hydra bites you but does no damage. x3
The 17-headed hydra bites you.
You die...

...≈≈≈≈≈≈≈≈≈≈≈≈≈≈ ≈ ≈≈≈≈P≈.[.
..≈≈≈≈≈≈≈≈≈≈≈≈≈≈≈≈≈ ≈ ≈≈≈≈≈...#
..≈##≈########.####### ##≈#.≈..#
..≈.#≈#≈≈≈#8≈≈≈≈≈≈≈≈.#8≈≈#≈##....
..≈≈≈P≈≈≈≈#≈≈≈≈≈≈≈≈≈≈#≈ ≈≈≈≈≈....
..P≈≈≈#≈≈≈#≈≈≈#≈≈≈≈≈≈# ≈≈≈≈≈≈...
...##≈#≈≈≈#≈≈≈≈≈≈≈≈≈≈#≈≈≈≈≈#.....
....#≈#≈≈≈≈≈≈†?)($≈≈≈.≈#≈.≈.#...P
...≈≈P≈≈.≈≈≈≈≈!D@?≈# ≈≈≈≈≈≈...
...P≈P≈≈.≈≈≈≈≈O≈≈"≈≈≈.# ≈≈≈≈≈≈...
..≈##≈.≈≈≈≈≈≈≈$||$≈≈≈#≈≈≈#≈#.....
..≈#.≈.≈≈≈#≈≈≈≈≈≈≈P≈≈#≈ ≈≈≈#.....
...≈≈≈#P≈≈#≈≈≈≈≈≈≈≈≈≈# ≈≈≈≈≈≈...
..≈≈≈≈≈≈≈≈#≈≈≈≈P≈≈≈P≈# ≈≈≈≈≈...
..≈#.P.≈≈8#8≈≈P≈≈≈≈≈8# #≈.....#
..≈##≈## ################≈.#≈...
..≈P≈≈ ≈≈ ≈≈≈≈≈≈≈≈≈≈≈≈≈≈≈...


You could see a 17-headed hydra and a friendly ogre (berserk).

Vanquished Creatures
  Gastronok (D:8)
  Josephine (D:11)
  A catoblepas (Lair:5)
  3 hydras
  An ice dragon (Lair:4)
  A merfolk avatar (Lair:6)
  A sea snake (Lair:6)
  A lindwurm (Lair:4)
  Pikel (D:4)
  An orb spider (Lair:4)
  A harpy (Lair:6)
  An ugly thing (D:11)
  6 elephants
  A merfolk siren (Lair:4)
  3 black mambas
  The ghost of meepyknight the Covered, a novice HOFi of Makhleb (D:4)
  A torpor snail (Lair:4)
  10 spiny frogs
  2 centaur skeletons
  8 komodo dragons
  6 rime drakes
  2 trolls
  7 polar bears
  A wind drake (Lair:6)
  Grinder (D:3)
  7 dream sheep
  21 blink frogs
  5 hornets
  4 hippogriffs
  4 wraiths (D:11)
  3 basilisks
  4 wyverns
  34 yaks
  Grum (D:8)
  Menkaure (D:4)
  15 water moccasins
  An acid dragon (D:11)
  Duvessa (D:4)
  4 slaves (D:4)
  4 orc warriors
  15 porcupines
  5 ogres
  4 ice beasts
  A sky beast (D:9)
  3 phantoms
  2 black bears
  2 necrophages
  2 centaurs
  12 wolves
  17 crocodiles
  4 big kobolds
  A gnoll sergeant (D:9)
  12 bullfrogs
  Dowan (D:4)
  2 scorpions
  A water moccasin skeleton (D:11)
  4 killer bees (D:10)
  5 electric eels
  3 wights (D:9)
  A howler monkey (D:5)
  2 crimson imps
  2 centaur zombies
  11 hounds
  8 orc priests
  3 jellies
  2 bullfrog skeletons
  2 gnoll shamans
  14 orc wizards
  Natasha (thrice) (D:4)
  2 iguanas
  11 worker ants
  A hound skeleton (D:4)
  A worker ant zombie (D:6)
  8 adders
  10 gnolls
  2 shadow imps
  2 adder zombies (D:9)
  An ooze (D:5)
  An adder skeleton (D:9)
  6 worms
  5 dart slugs
  5 leopard geckos
  47 orcs
  11 bats
  6 giant cockroaches
  8 hobgoblins
  15 jackals
  32 kobolds
  4 quokkas
  A ball python (D:10)
  A ball python skeleton (D:2)
  5 frilled lizards
  10 goblins
  A leopard gecko skeleton (D:5)
  A leopard gecko zombie (D:9)
  2 quokka zombies
  13 rats
  A spectral orc (D:7)
  2 fungi
  4 plants
535 creatures vanquished.

Vanquished Creatures (collateral kills)
  A two-headed ogre (D:8)
  An ugly thing (D:8)
  Joseph (D:8)
  A hornet (D:8)
  Prince Ribbit (D:8)
  A sky beast (D:8)
  A bullfrog (D:8)
  A hound (D:8)
  A worker ant (D:8)
  A howler monkey skeleton (D:8)
  A shadow imp (D:8)
  An adder skeleton (D:8)
12 creatures vanquished.

Vanquished Creatures (others)
  An orc (D:10)
  9 fungi (Lair:6)
  8 plants
18 creatures vanquished.

Grand Total: 565 creatures vanquished

Notes
Turn   | Place    | Note
-------+----------+-------------------------------------------
     0 | D:1      | Fang the Gargoyle Berserker began the quest for the Orb.
     0 | D:1      | Reached XP level 1. HP: 14/14 MP: 1/1
   110 | D:1      | Reached XP level 2. HP: 18/19 MP: 2/2
   513 | D:1      | Reached XP level 3. HP: 20/23 MP: 3/3
   776 | D:2      | Found a blossoming altar of Fedhas.
   777 | D:2      | Noticed an oklob plant
   825 | D:2      | Found a faded altar of an unknown god.
   868 | D:2      | Reached ** piety under Trog
  1008 | D:2      | Reached XP level 4. HP: 23/29 MP: 4/4
  1076 | D:2      | Reached skill level 4 in Fighting
  1082 | D:2      | Reached XP level 5. HP: 15/33 MP: 5/5
  1424 | D:2      | Noticed a moth of wrath
  1427 | D:2      | Found a bloodstained altar of Trog.
  1621 | D:2      | Reached *** piety under Trog
  1914 | D:3      | Reached XP level 6. HP: 20/39 MP: 6/6
  2179 | D:3      | Noticed Grinder
  2179 | D:3      | Paralysed by Grinder for 2 turns
  2185 | D:3      | Paralysed by Grinder for 7 turns
  2199 | D:3      | Found a burning altar of Makhleb.
  2217 | D:3      | Paralysed by Grinder for 7 turns
  2261 | D:3      | Paralysed by Grinder for 6 turns
  2278 | D:3      | Paralysed by Grinder for 3 turns
  2332 | D:3      | Paralysed by Grinder for 7 turns
  2343 | D:3      | Killed Grinder
  2343 | D:3      | Reached skill level 5 in Fighting
  2343 | D:3      | Reached XP level 7. HP: 25/44 MP: 7/7
  3226 | D:4      | Noticed Duvessa
  3226 | D:4      | Noticed Dowan
  3237 | D:4      | Killed Duvessa
  3244 | D:4      | Killed Dowan
  3348 | D:4      | Noticed Pikel
  3374 | D:4      | Reached skill level 5 in Armour
  3455 | D:4      | Killed Pikel
  3455 | D:4      | Reached skill level 6 in Fighting
  3455 | D:4      | Reached skill level 5 in Axes
  3455 | D:4      | Reached XP level 8. HP: 7/51 MP: 8/8
  3774 | D:4      | Found a runed translucent door.
  3903 | D:4      | Reached **** piety under Trog
  3945 | D:4      | Noticed Natasha
  3949 | D:4      | Killed Natasha
  3990 | D:4      | Found a deep blue altar of Sif Muna.
  4109 | D:4      | Noticed Natasha
  4123 | D:4      | Killed Natasha
  4168 | D:4      | Noticed meepyknight's ghost (novice HOFi)
  4169 | D:4      | Noticed Natasha
  4175 | D:4      | Killed Natasha
  4379 | D:4      | Noticed Menkaure
  4387 | D:4      | Killed Menkaure
  4387 | D:4      | Reached XP level 9. HP: 47/56 MP: 9/9
  4696 | D:4      | Reached skill level 7 in Fighting
  4860 | D:4      | Killed meepyknight's ghost
  4860 | D:4      | Reached skill level 5 in Dodging
  5005 | D:5      | Entered Level 5 of the Dungeon
  5185 | D:5      | Found a sparkling altar of Nemelex Xobeh.
  5349 | D:5      | Found a hide-covered altar of Uskayaw.
  5509 | D:5      | Found an iron altar of Okawaru.
  5677 | D:5      | Found an opulent altar of Gozag.
  5677 | D:5      | Found a deep blue altar of Sif Muna.
  5791 | D:6      | Reached ***** piety under Trog
  5874 | D:6      | Reached skill level 8 in Fighting
  5892 | D:6      | Found a white marble altar of Elyvilon.
  5968 | D:6      | Found a glowing golden altar of the Shining One.
  6025 | D:6      | Found a radiant altar of Vehumet.
  6045 | D:6      | Reached XP level 10. HP: 25/64 MP: 10/10
  6410 | D:7      | Found a staircase to the Ecumenical Temple.
  6416 | D:7      | Received a gift from Trog
  6432 | Temple   | Entered the Ecumenical Temple
  7144 | D:7      | Found a basalt altar of Yredelemnul.
  7462 | D:8      | Found a shimmering altar of Xom.
  7467 | D:8      | Noticed Grum
  7711 | D:8      | Reached skill level 9 in Fighting
  7737 | D:8      | Killed Grum
  7804 | D:8      | Noticed Gastronok
  7807 | D:8      | Noticed Prince Ribbit
  7821 | D:8      | Killed Gastronok
  7821 | D:8      | Reached XP level 11. HP: 65/71 MP: 11/11
  7844 | D:8      | Noticed Joseph
  7846 | D:8      | Noticed a white ugly thing
  7850 | D:8      | Noticed a two-headed ogre
  7854 | D:8      | Killed Joseph
  7856 | D:8      | Killed Prince Ribbit
  7860 | D:8      | Killed a two-headed ogre
  7862 | D:8      | Killed a white ugly thing
  7967 | D:8      | Found a shattered altar of Ashenzari.
  8021 | D:8      | Identified a scroll of acquirement
  8424 | D:9      | Reached skill level 10 in Fighting
  8505 | D:9      | Received a gift from Trog
  9166 | D:10     | Entered Level 10 of the Dungeon
  9167 | D:10     | Gained mutation: You are resistant to hostile enchantments.
                  | (MR+) [potion of mutation]
  9167 | D:10     | Gained mutation: You have a pair of small horns on your
                  | head. [potion of mutation]
  9168 | D:10     | Lost mutation: You have a pair of small horns on your head.
                  | [potion of mutation]
  9168 | D:10     | Lost mutation: You are resistant to hostile enchantments.
                  | (MR+) [potion of mutation]
  9168 | D:10     | Gained mutation: You are partially covered in large bone
                  | plates. (SH +4) [potion of mutation]
  9168 | D:10     | Gained mutation: You are robust. (+10% HP) [potion of
                  | mutation]
  9168 | D:10     | Gained mutation: You are surrounded by a mild repulsion
                  | field. (EV +2) [potion of mutation]
  9168 | D:10     | Gained mutation: You passively map a small area around you.
                  | [potion of mutation]
  9318 | D:10     | Reached skill level 10 in Armour
  9453 | D:10     | Got a pair of brightly glowing boots
  9459 | D:10     | Identified the cursed +0 pair of boots of Midsummer {rCorr
                  | Str+3} (You found it on level 10 of the Dungeon)
  9559 | D:10     | Found a staircase to the Lair.
  9623 | D:10     | Identified the cursed +0 chain mail of the Monkey's Uncle
                  | {Str+4 Int+4 Dex+8 Slay-3 Stlth+}
  9640 | D:10     | Found Xero Vuwku's Serpentskin Sales.
 10103 | D:11     | Reached skill level 11 in Fighting
 10266 | D:11     | Noticed a brown ugly thing
 10283 | D:11     | Killed a brown ugly thing
 10284 | D:11     | Found a flagged portal.
 10341 | D:11     | Received a gift from Trog
 10407 | D:11     | Found a staircase to the Orcish Mines.
 10440 | D:11     | Noticed Josephine
 10462 | D:11     | Killed Josephine
 10504 | D:11     | Reached XP level 12. HP: 54/88 MP: 4/12
 10984 | Lair:1   | Entered Level 1 of the Lair of Beasts
 11004 | Lair:1   | Reached skill level 12 in Fighting
 12514 | Lair:2   | Reached skill level 13 in Fighting
 12544 | Lair:2   | Reached skill level 10 in Axes
 12584 | Lair:2   | Found a deep blue altar of Sif Muna.
 12913 | Lair:3   | Noticed a four-headed hydra
 12927 | Lair:3   | Killed an eight-headed hydra
 13123 | Lair:3   | Found a hazy altar of Hepliaklqana.
 13386 | Lair:3   | Reached XP level 13. HP: 85/97 MP: 4/13
 13521 | Lair:3   | Reached skill level 14 in Fighting
 14263 | Lair:4   | Found a hole to the Spider Nest.
 14553 | Lair:4   | Found a frozen archway.
 14554 | Lair:4   | Noticed an ice dragon
 14560 | Lair:4   | Received a gift from Trog
 14568 | Lair:4   | Killed an ice dragon
 15381 | Lair:4   | Found a staircase to the Shoals.
 15971 | Lair:5   | Found a viscous altar of Jiyva.
 15971 | Lair:5   | Found a staircase to the Slime Pits.
 16314 | Lair:5   | Reached skill level 15 in Fighting
 16314 | Lair:5   | Reached skill level 10 in Dodging
 16796 | Lair:6   | Entered Level 6 of the Lair of Beasts
 17452 | Lair:6   | Gained mutation: Your large and strong wings let you fly
                  | indefinitely. [Gargoyle growth]
 17452 | Lair:6   | Reached XP level 14. HP: 95/107 MP: 4/14
 17735 | Lair:6   | Reached skill level 16 in Fighting
 18040 | Lair:6   | HP: 4/110 [17-headed hydra (3)]
 18040 | Lair:6   | HP: 1/110 [17-headed hydra (3)]
 18043 | Lair:6   | Slain by a 17-headed hydra

Skill      XL: |  1  2  3  4  5  6  7  8  9 10 11 12 13 14 |
---------------+-------------------------------------------+-----
Axes           | 3 4 5 6 8 9 10 11 | 11.7
Dodging        | 2 3 4 5 7 8 9 10 | 10.6
Armour         | 3 4 5 6 7 9 10 11 12 13 | 13.4
Fighting       | 4 5 6 8 9 11 13 15 16 | 16.2

Action                   |  1- 3 |  4- 6 |  7- 9 | 10-12 | 13-15 || total
-------------------------+-------+-------+-------+-------+-------++-------
Melee: Hand axe          |   119 |    15 |       |       |       ||   134
       War axe           |       |   106 |   441 |   175 |       ||   722
       Spear             |       |       |    31 |       |       ||    31
       Broad axe         |       |       |       |   540 |   499 ||  1039
Invok: Berserk           |     1 |     3 |     6 |     6 |     6 ||    22
       Trog's Hand       |       |       |     2 |     1 |       ||     3
       Brothers in Arms  |       |       |       |     2 |     4 ||     6
 Abil: Fly               |       |       |       |       |     1 ||     1
  Use: Potion            |       |     1 |       |     3 |     5 ||     9
       Scroll            |       |       |     8 |    12 |     6 ||    26
  Eat: Chunk             |       |     5 |    15 |    45 |    23 ||    88
       Ration            |       |     1 |     1 |     2 |       ||     4
Armor: Animal skin       |    19 |       |       |       |       ||    19
       Scale mail        |    58 |    62 |   144 |       |       ||   264
       Plate armour      |       |       |   164 |   484 |   528 ||  1176
Dodge: Dodged            |   103 |    94 |   246 |   510 |   512 ||  1465
       Deflected         |       |       |     2 |    13 |     2 ||    17
Block: Other             |       |       |    49 |   249 |   137 ||   435
       Reflection        |       |       |       |     5 |       ||     5
